AoeStats
← RDA Ronan

Arabia

506982903Analyzed
4v4 RM · 16d ago on Sep 16, 2026· 31m 33s· 8 players
Game mode
Random Map
Map size
Large (8 player)
Population
200
Speed
Normal
Resources
Standard
Victory
Conquest
Starting age
Dark Age
Ending age
Imperial Age
RankedLock teamsTeams togetherTeam positionsShared explorationLock speedFull tech treeHidden civsTurbo modeCheats
Victory
Defeat
🇧🇷 Persians · Brazil
1348
+11
1344
+12
🇧🇷 Shu · Brazil
1280
+14
🇧🇷 Ethiopians · Brazil
1162
+19
🇦🇷 Persians · Argentina
1322
-17
🇦🇷 Khitans · Argentina
1260
-15
🇦🇷 Ethiopians · Argentina
1187
-12
🇦🇷 Maya · Argentina
1187
-12
[Ne0] Vladimir Putin
6:20 Loom
9:03 Feudal Age
9:39 Double-Bit Axe
14:53 Forging
16:59 Scale Barding Armor
24:32 Castle Age
24:34 Light Cavalry
25:51 Iron Casting
26:25 Husbandry
31:25 Wheelbarrow
RDA Ronan
5:47 Loom
9:31 Feudal Age
11:13 Double-Bit Axe
13:47 Fletching
15:40 Horse Collar
17:37 Padded Archer Armor
24:19 Castle Age
23:14 Gold Mining
23:15 Town Watch
24:37 Crossbowman
25:13 Bodkin Arrow
26:51 Ballistics
26:49 Leather Archer Armor
29:46 Bow Saw
RDA Lurchoton
0:35 Loom
10:49 Feudal Age
11:32 Double-Bit Axe
14:39 Fletching
17:20 Padded Archer Armor
18:10 Horse Collar
24:08 Castle Age
24:10 Gold Mining
25:20 Wheelbarrow
24:18 Crossbowman
27:38 Bow Saw
Rocker_
5:59 Loom
8:31 Feudal Age
10:19 Double-Bit Axe
10:15 Horse Collar
16:54 Forging
20:49 Castle Age
18:57 Gold Mining
19:36 Bloodlines
19:52 Scale Barding Armor
21:33 Bow Saw
25:48 Chain Barding Armor
25:37 Husbandry
27:14 Iron Casting
31:31 Wheelbarrow
[RZ] James Rocha
1:22 Loom
7:43 Loom
9:39 Feudal Age
15:23 Fletching
19:39 Double-Bit Axe
22:45 Castle Age
21:01 Padded Archer Armor
22:53 Crossbowman
23:36 Bodkin Arrow
23:59 Leather Archer Armor
23:40 Horse Collar
28:18 Thumb Ring
[Rz] TK_puxa
6:40 Loom
8:51 Feudal Age
9:27 Double-Bit Axe
14:23 Forging
15:59 Bloodlines
16:06 Scale Barding Armor
16:20 Horse Collar
21:46 Castle Age
19:57 Gold Mining
22:27 Husbandry
24:51 Chain Barding Armor
27:43 Gold Shaft Mining
28:04 Iron Casting
31:19 Wheelbarrow
[RZ] Citrato de Sildenafila 50mg
6:45 Loom
9:13 Feudal Age
10:22 Double-Bit Axe
12:35 Horse Collar
19:58 Bloodlines
23:35 Castle Age
22:09 Gold Mining
22:41 Scale Barding Armor
23:39 Light Cavalry
24:58 Chain Barding Armor
25:05 Bow Saw
25:40 Husbandry
28:30 Wheelbarrow
30:21 Gold Shaft Mining
[RZ] rj.renan
6:26 Loom
9:51 Feudal Age
15:02 Fletching
25:29 Castle Age
23:42 Double-Bit Axe
24:04 Gold Mining
24:16 Horse Collar
26:20 Bodkin Arrow
25:47 Crossbowman
Connection lost

Rejoining the realm…

Still unreachable

The connection could not be restored.

Session expired

The server has moved on; the page needs a fresh start.